 Dungeon Crawl Stone Soup version 0.26.0-16-gc1dbca0489 (webtiles) character file.

Game seed: 3184338319890642912

1484 iamserjio the Cleaver (level 8, 0/75 HPs)
             Began as a Deep Dwarf Fighter on Jan 19, 2021.
             Was a Follower of Yredelemnul.
             Slain by a killer bee (4 damage)
             ... on level 8 of the Dungeon.
             The game lasted 00:09:12 (1133 turns).

iamserjio the Cleaver (Deep Dwarf Fighter)          Turns: 1133, Time: 00:09:12

Health: 0/75       AC:  6    Str: 21    XL:     8   Next: 50%
Magic:  6/6        EV:  8    Int: 10    God:    Yredelemnul [*.....]
Gold:   214        SH: 10    Dex: 12    Spells: 7/7 levels left

rFire    . . .     SeeInvis .   a - +1 war axe
rCold    . . .     Faith    .   c - +0 kite shield
rNeg     . . .     Spirit   .   b - +0 scale mail
rPois    .         Reflect  .   (no helmet)
rElec    .         Harm     .   (no cloak)
rCorr    .         Rampage  .   (no gloves)
Will     +....                  (no boots)
Stlth    ..........             (no amulet)
HPRegen  0.00/turn              (no ring)
MPRegen  0.10/turn              (no ring)

@: lethally poisoned (0 -> -8), non-regenerating
A: damage resistance, heal wounds, sense surroundings 1, no regeneration
a: Heal Wounds, Renounce Religion, Animate Remains


You were on level 8 of the Dungeon.
You worshipped Yredelemnul.
Yredelemnul was aware of your devotion.
You visited 1 branch of the dungeon, and saw 8 of its levels.
You also visited: Sewer.

You collected 214 gold pieces.

Inventory:

Hand Weapons
 a - a +1 war axe (weapon)
 k - a +0 trident
Missiles
 d - 5 poisoned darts (quivered)
Armour
 b - a +0 scale mail (worn)
 c - a +0 kite shield (worn)
Wands
 e - a wand of random effects (10)
 o - a wand of enslavement (5)
Scrolls
 g - 2 scrolls of enchant weapon
 l - a scroll of remove curse {@r2}
 m - a scroll of brand weapon {unknown}
 n - a scroll of enchant armour {unknown}
 q - a scroll of summoning {unknown}
Potions
 f - a potion of curing {unknown}
 h - 2 potions of degeneration {unknown}
 i - 2 potions of haste {unknown}
 j - a potion of heal wounds {unknown}
 p - a potion of mutation {unknown}


   Skills:
 + Level 5.5 Fighting
 * Level 8.5 Axes
 - Level 3.2 Armour
 + Level 6.7 Shields


You had 7 spell levels left.
You didn't know any spells.
Your spell library contained the following spells:

 Spells                   Type           Power        Failure   Level
 Shock                    Conj/Air       0%           96%         1
 Swiftness                Air            0%           99%         2
 Static Discharge         Conj/Air       0%           100%        3
 Airstrike                Air            0%           100%        4
 Lightning Bolt           Conj/Air       0%           100%        5


Dungeon Overview and Level Annotations

Branches:
Dungeon (8/15)             Temple (0/1) D:7           Sewer (visited)
   Lair: D:8-11

Altars:
Yredelemnul

Shops:
D:6 (


Innate Abilities, Weirdness & Mutations

You are resistant to damage.
You can heal yourself by infusing magical energy.
You passively map a small area around you.
You do not regenerate.


Message History

You block the killer bee's attack.
You barely miss the killer bee.
The killer bee stings you but does no damage.
The killer bee stings you.
You miss the killer bee. The killer bee closely misses you.
You block the killer bee's attack. The killer bee barely misses you.
You closely miss the killer bee. The killer bee stings you.
You are more poisoned.
The killer bee poisons you! The killer bee stings you!
* * * LOW HITPOINT WARNING * * *
You barely miss the killer bee. The killer bee closely misses you.
The killer bee barely misses you.
You miss the killer bee. The killer bee misses you. The killer bee stings you.
* * * LOW HITPOINT WARNING * * *
You closely miss the killer bee. The killer bee stings you.
* * * LOW HITPOINT WARNING * * *
You are lethally poisoned!
The killer bee poisons you! The killer bee stings you.
You die...
Your body rises from the dead as a mindless zombie.

* #.# * #.# #.# , *
#.# #.# #.#
#####(### #<#
#.......# * #.#
#.......# ,
##.####.......## *
,,...............###
#.#,*#@y.....<..#* *
, #.#
#.†......#.##.* , ,
,..# #..............
* ###
####.#.###.##.# ,
#...# ... # ###.#*
,### ,* #... ###.# *
.#


You could see a killer bee.

Vanquished Creatures
  A human (D:7)
  Purgy (Sewer)
  A sky beast (D:7)
  2 ogres
  2 centaurs (D:7)
  A big kobold (D:7)
  2 bullfrogs (D:7)
  3 scorpions
  4 killer bees
  A howler monkey (D:6)
  2 quasits
  An orc priest (D:3)
  A hound (D:4)
  A worker ant (D:6)
  An iguana (D:6)
  A hound zombie (D:5)
  A worker ant zombie (D:6)
  2 adders
  A shadow imp (D:6)
  A white imp (D:6)
  An ooze (D:7)
  A dart slug (D:1)
  A leopard gecko (D:7)
  5 orcs
  2 giant cockroaches
  2 goblins (D:1)
  2 hobgoblins
  3 jackals (D:1)
  6 kobolds
  3 ball pythons
  3 bats
  2 frilled lizards
  6 rats
67 creatures vanquished.

Vanquished Creatures (collateral kills)
  A killer bee (D:8)
1 creature vanquished.

Grand Total: 68 creatures vanquished

Notes
Turn   | Place    | Note
-------+----------+-------------------------------------------
     0 | D:1      | iamserjio the Deep Dwarf Fighter began the quest for the
                  | Orb.
     0 | D:1      | Reached XP level 1. HP: 20/20 MP: 1/1
    11 | D:1      | Reached XP level 2. HP: 25/27 MP: 2/2
   153 | D:1      | Reached skill level 3 in Axes
   195 | D:2      | Found a basalt altar of Yredelemnul.
   203 | D:2      | Became a worshipper of Yredelemnul the Dark
   383 | D:3      | Reached XP level 3. HP: 17/34 MP: 3/3
   423 | D:4      | Noticed a scorpion
   445 | D:4      | Killed a scorpion
   446 | D:4      | Reached skill level 4 in Axes
   446 | D:4      | Reached XP level 4. HP: 29/42 MP: 4/4
   448 | D:4      | Reached XP level 5. HP: 33/49 MP: 5/5
   455 | D:5      | Entered Level 5 of the Dungeon
   519 | D:7      | Noticed a centaur
   522 | D:7      | Noticed a sky beast
   523 | D:7      | Killed a centaur
   524 | D:7      | Reached skill level 5 in Axes
   524 | D:7      | Reached XP level 6. HP: 43/57 MP: 6/6
   550 | D:6      | Found a glowing drain.
   566 | Sewer    | Entered a sewer
   607 | Sewer    | Noticed Purgy
   617 | Sewer    | Killed Purgy
   618 | Sewer    | Reached skill level 5 in Shields
   760 | D:6      | Reached * piety under Yredelemnul
   761 | D:6      | Reached skill level 6 in Axes
   790 | D:6      | Reached XP level 7. HP: 25/64 MP: 7/7
   806 | D:6      | Found Xosaek's Antique Weapon Emporium.
   869 | D:7      | Found a staircase to the Ecumenical Temple.
   926 | D:7      | Reached skill level 7 in Axes
   953 | D:7      | Reached XP level 8. HP: 33/73 MP: 6/6
   956 | D:7      | Reached skill level 5 in Fighting
  1031 | D:7      | Reached skill level 8 in Axes
  1133 | D:8      | Slain by a killer bee

Illustrated notes

Levels and vault maps discovered:
D:1:      lightli_iron_boxes, layout_basic
D:2:      layout_loops_cross, lemuel_coloured_pillars_altar, elyvilon_altar_4,
          uniq_sigmund
D:3:      layout_basic, minitemple, chequers_ecumenical_altar_grove,
          chequers_decorated_corner, hex_intersection, chequers_avenue
D:4:      layout_basic, nicolae_gozag_seed_capital, overflow_temple_1_default,
          gammafunk_temple_overflow_wave, item_on_display_a
D:5:      layout_loops_ring, ebering_ghost_rock_garden, uniq_prince_ribbit1,
          uniq_edmund
D:6:      layout_basic, cheibrodos_sewer_entry_drain, serial_shops, shop,
          minmay_misc_feat_doors, uniq_crazy_yiuf_cottage
D:7:      layout_cave_pools, minmay_temple_entry_drinking_statues,
          okawaru_humans
D:8:      layout_loops_ring, fedhas_altar_1, enter_ossuary_5,
          chequers_serial_rivers_micro_a, uniq_maggie

Skill      XL: |  1  2  3  4  5  6  7  8 |
---------------+-------------------------+-----
Axes           | 3 4 5 6 7 8 |  8.5
Fighting       | 3 4 5 |  5.5
Shields        | 4 5 6 |  6.7
Armour         | |  3.2

Action                   |  1- 3 |  4- 6 |  7- 9 || total
-------------------------+-------+-------+-------++-------
Melee: War axe           |    93 |   122 |   164 ||   379
Throw: Dart              |       |       |     5 ||     5
 Abil: Heal Wounds       |     2 |     2 |    13 ||    17
Evoke: Wand              |       |       |     2 ||     2
  Use: Scroll            |     2 |     3 |     1 ||     6
       Potion            |       |     1 |     1 ||     2
 Stab: Invisible         |       |       |     5 ||     5
       Paralysed         |       |       |     2 ||     2
Armor: Scale mail        |    91 |   135 |    92 ||   318
Dodge: Dodged            |    65 |    78 |    83 ||   226
Block: Kite shield       |    96 |   129 |   115 ||   340
